 Dungeon Crawl Stone Soup version 0.27.1-33-g824d729ab1 (webtiles) character file.

Game seed: 17731013553344894687

8087 VictoriousLee the Arsonist (level 11, -6/74 HPs)
             Began as a Purple Draconian Air Elementalist on Nov 24, 2021.
             Was a Follower of Vehumet.
             Mangled by a two-headed ogre (13 damage)
             ... on level 9 of the Dungeon.
             The game lasted 01:31:30 (14956 turns).

VictoriousLee the Arsonist (DrAE)                  Turns: 14956, Time: 01:31:31

Health: -6/74      AC: 11    Str: 11    XL:     11   Next: 5%
Magic:  14/23      EV: 12    Int: 19    God:    Vehumet [*.....]
Gold:   475        SH:  0    Dex: 11    Spells: 18/26 levels left

rFire    + . .     SeeInvis .   R - +0 mace (protect)
rCold    x . .     Faith    .   (no shield)
rNeg     . . .     Spirit   .   (armour unavailable)
rPois    .         Reflect  .   (helmet restricted)
rElec    .         Harm     .   f - +1 cloak
rCorr    .         Rampage  .   N - +1 pair of gloves
Will     +....                  (no boots)
Stlth    ++........             v - amulet of the acrobat
HPRegen  0.22/turn              C - ring of fire
MPRegen  0.18/turn              (no ring)

@: very slightly contaminated
A: breathe power, AC +7, unfitting armour, cold-blooded
a: Breathe Dispelling Energy, Renounce Religion


You were on level 9 of the Dungeon.
You worshipped Vehumet.
Vehumet was aware of your devotion.
You visited 2 branches of the dungeon, and saw 10 of its levels.
You also visited: Ossuary.

You collected 475 gold pieces.

Inventory:

Hand Weapons
 s - a +3 whip
 D - a +0 hand crossbow
 F - a +0 falchion
 G - a +2 mace of draining
 R - a +0 mace of protection (weapon)
 S - a +2 quarterstaff of draining
 U - a +0 scimitar
 V - a +2 scimitar of flaming
Missiles
 c - 39 poisoned darts
 h - 12 silver javelins
 n - a throwing net
 o - 253 stones
 q - 79 bolts
 u - 3 boomerangs of dispersal
 H - 55 arrows
 Q - a curare-tipped dart
Armour
 f - a +1 cloak (worn)
 i - a +0 tower shield
 w - a scarf of repulsion
 N - a +1 pair of gloves (worn)
Jewellery
 v - an amulet of the acrobat (around neck)
 A - an amulet of faith
 C - a ring of fire (left hand)
 K - a ring of ice
Wands
 x - a wand of paralysis (11)
 y - a wand of digging (14)
 z - a wand of mindburst (8)
 B - a wand of flame (19)
Scrolls
 a - 2 scrolls of vulnerability
 j - 4 scrolls of teleportation
 l - a scroll of enchant armour
 m - a scroll of brand weapon
 p - a scroll of amnesia
 I - 2 scrolls of immolation
 T - a scroll of identify
Potions
 b - 3 potions of mutation
 d - 4 potions of ambrosia
 e - a potion of lignification
 g - 2 potions of curing
 k - 4 potions of haste
 r - a potion of flight
 O - a potion of cancellation


   Skills:
 - Level 1.7 Dodging
 - Level 1.7 Stealth
 - Level 8.0 Spellcasting
 - Level 5.4 Conjurations
 * Level 12.9 Fire Magic
 - Level 7.0 Air Magic


You had 18 spell levels left.
You knew the following spells:

 Your Spells              Type           Power      Damage    Failure   Level
a - Airstrike             Air            17%        N/A       4%          4
d - Static Discharge      Conj/Air       31%        N/A       1%          2
f - Foxfire               Conj/Fire      100%       2x1d9     1%          1
s - Shock                 Conj/Air       100%       1d9       1%          1

Your spell library contained the following spells:

 Spells                   Type           Power      Damage    Failure   Level
 Magic Dart               Conj           100%       1d8       1%          1
 Conjure Flame            Conj/Fire      59%        6-21      1%          3
 Inner Flame              Hex/Fire       48%        N/A       1%          3
 Swiftness                Air            34%        N/A       1%          3
 Animate Skeleton         Necr           14%        N/A       9%          1
 Beastly Appendage        Tmut           14%        N/A       9%          1
 Pain                     Necr           28%        1d5       9%          1
 Wereblood                Tmut           7%         N/A       14%         2
 Gell's Gravitas          Tloc           3%         N/A       26%         3
 Lesser Beckoning         Tloc           3%         N/A       26%         3
 Spider Form              Tmut/Pois      3%         N/A       26%         3
 Teleport Other           Tloc           7%         N/A       26%         3
 Vampiric Draining        Necr           3%         2d6       26%         3
 Summon Ice Beast         Ice/Summ       7%         N/A       65%         4
 Summon Mana Viper        Hex/Summ       7%         N/A       94%         5
 Monstrous Menagerie      Summ           3%         N/A       100%        7


Dungeon Overview and Level Annotations

Branches:
Dungeon (9/15)             Temple (1/1) D:7            Lair (0/6) D:9
Ossuary (visited)
    Orc: D:9-12

Altars:
Ashenzari
Cheibriados
Dithmenos
Elyvilon
Fedhas
Gozag
Hepliaklqana
Kikubaaqudgha
Makhleb
Nemelex Xobeh
Okawaru
Qazlal
Ru
Sif Muna
Trog
Uskayaw
Vehumet
Wu Jian
Xom
Yredelemnul
The Shining One

Annotations:
D:9 2 transporters


Innate Abilities, Weirdness & Mutations

You can breathe bolts of dispelling energy.
Your rich purple scales are hard. (AC +7)
You cannot fit into any form of body armour.
You are cold-blooded and may be slowed by cold attacks.


Message History

The orc priest shouts!
Casting: Foxfire (safe; 1% risk of failure)
Confirm with . or Enter, or press ? or * to list all spells.
You feel a surge of power!
You conjure some foxfire!
The two-headed ogre hits you with a +0 giant club!
The two-headed ogre completely misses you.
Casting: Foxfire (safe; 1% risk of failure)
Confirm with . or Enter, or press ? or * to list all spells.
You feel a surge of power!
You conjure some foxfire!
The foxfire hits the two-headed ogre.
The two-headed ogre is moderately wounded.
The foxfire hits the two-headed ogre.
The two-headed ogre is moderately wounded.
The two-headed ogre barely misses you.
The two-headed ogre hits you but does no damage.
Casting: Foxfire (safe; 1% risk of failure)
Confirm with . or Enter, or press ? or * to list all spells.
You feel a surge of power!
You conjure some foxfire!
The foxfire hits the two-headed ogre.
The two-headed ogre is heavily wounded.
The foxfire hits the two-headed ogre!
The two-headed ogre is heavily wounded.
The two-headed ogre hits you with a +0 giant club!!
The two-headed ogre barely misses you.
The foxfire hits the two-headed ogre.
The two-headed ogre is heavily wounded.
The foxfire hits the two-headed ogre but does no damage.
The two-headed ogre is heavily wounded.
Casting: Foxfire (safe; 1% risk of failure)
Confirm with . or Enter, or press ? or * to list all spells.
You feel a surge of power!
You miscast Foxfire.
You are very lightly contaminated with residual magic.
Nothing appears to happen.
Casting: Foxfire (safe; 1% risk of failure)
Confirm with . or Enter, or press ? or * to list all spells.
You feel a surge of power!
You conjure some foxfire!
The two-headed ogre hits you with a +0 giant club!!
* * * LOW HITPOINT WARNING * * *
The two-headed ogre hits you with a +0 giant spiked club!
You die...

≈≈≈≈≈K#.# #..##†##..## ##.####
≈...≈o#.# #........## #.#
≈...≈o#.# #####.#### #.#
##+####.# #.# ##'## ././.P#.#
###.### ##..)## P.©.P8#.# #.....#
##..>..## #######.# #.....##
#.......##
..©.....#####....v.####.........#
...............O@v....+..........
##...##.#####......####..........
##.##...# #####..# ##.......#.
###..#.# ###.# ##.....##. #..§.#
#..<# ##...###. #.#### #.### ##+#
#. #.# #.# #.# #. #†#
#.##########.####. ## #.#
#.#..............[


You could see a two-headed ogre (ally target).

Vanquished Creatures
  3 two-headed ogres (D:9)
  A deep elf pyromancer (D:7)
  Joseph (D:7)
  An efreet (D:9)
  A troll (D:9)
  A hornet (D:9)
  A dream sheep (shapeshifter) (D:9)
  A wyvern (D:9)
  A basilisk (D:9)
  A steam dragon (D:7)
  Menkaure (D:7)
  6 water moccasins
  An acid dragon (D:8)
  A hornet zombie (D:4)
  A sky beast (D:5)
  4 black bears
  A necrophage (D:6)
  An ogre (D:6)
  4 orc warriors
  3 wolves (D:9)
  A centaur (D:9)
  A kobold brigand (D:8)
  2 bullfrogs (D:9)
  A gnoll sergeant (D:4)
  3 scorpions
  10 killer bees
  3 howler monkeys
  A centaur zombie (D:7)
  3 orc priests (D:4)
  4 hounds
  A jelly (D:6)
  Crazy Yiuf (D:7)
  4 iguanas
  2 gnoll shamans
  5 orc wizards
  A hound skeleton (D:4)
  4 mummies (Ossuary)
  4 adders
  16 gnolls
  A shadow imp (D:6)
  A white imp (D:6)
  An ufetubus (D:4)
  An adder skeleton (D:4)
  3 worms
  21 orcs
  3 bats
  3 endoplasms
  5 giant cockroaches
  4 hobgoblins (D:1)
  5 jackals
  7 ball pythons
  6 frilled lizards
  10 goblins
  3 goblin zombies (Ossuary)
  2 hobgoblin zombies (Ossuary)
  8 kobolds
  A kobold zombie (Ossuary)
  An orc zombie (Ossuary)
  5 rats
193 creatures vanquished.

Vanquished Creatures (collateral kills)
  A human zombie (Ossuary)
  2 mummies (Ossuary)
3 creatures vanquished.

Vanquished Creatures (others)
  A centaur zombie (D:9)
  A gnoll (D:4)
  129 foxfires
  5 fungi
  18 plants (D:9)
154 creatures vanquished.

Grand Total: 350 creatures vanquished

Notes
Turn   | Place    | Note
-------+----------+-------------------------------------------
     0 | D:1      | VictoriousLee the Draconian Air Elementalist began the
                  | quest for the Orb.
     0 | D:1      | Reached XP level 1. HP: 14/14 MP: 3/3
   279 | D:1      | Reached XP level 2. HP: 20/20 MP: 0/5
   282 | D:1      | Learned a level 2 spell: Static Discharge
   575 | D:1      | Found a faded altar of an unknown god.
  1310 | D:2      | Reached XP level 3. HP: 26/26 MP: 1/6
  2459 | D:2      | Reached XP level 4. HP: 33/33 MP: 2/7
  2620 | D:2      | Reached skill level 5 in Air Magic
  3387 | D:3      | Learned a level 4 spell: Airstrike
  3564 | D:4      | You fall into a shaft and drop 2 floors!
  3572 | D:6      | Noticed an ogre
  3582 | D:6      | Reached XP level 5. HP: 38/38 MP: 5/8
  3586 | D:6      | Killed an ogre
  3963 | D:5      | Entered Level 5 of the Dungeon
  3978 | D:6      | Reached XP level 6. HP: 45/45 MP: 2/9
  4125 | D:5      | Found a sand-covered staircase.
  4133 | D:5      | Found a shimmering altar of Xom.
  4213 | Ossuary  | Entered an ossuary
  4363 | Ossuary  | Reached skill level 5 in Conjurations
  4719 | D:5      | Noticed a water moccasin
  4740 | D:5      | Killed a water moccasin
  4741 | D:5      | Your scales start taking on a rich purple colour.
  4741 | D:5      | Reached XP level 7. HP: 40/50 MP: 0/10
  6148 | D:6      | Found a hazy altar of Hepliaklqana.
  6396 | D:6      | Learned a level 1 spell: Foxfire
  6568 | D:6      | Found an iron altar of Okawaru.
  6569 | D:6      | Found an ancient bone altar of Kikubaaqudgha.
  6572 | D:6      | Found a stormy altar of Qazlal.
  6660 | D:6      | Reached skill level 1 in Fire Magic
  6725 | D:6      | Reached skill level 2 in Fire Magic
  6725 | D:6      | Reached XP level 8. HP: 57/57 MP: 9/14
  7003 | D:6      | Found a sparkling altar of Nemelex Xobeh.
  7015 | D:6      | Identified the +4 scale mail of the Wumpus {Dex+2}
  7016 | D:6      | Found a glowing golden altar of the Shining One.
  7710 | D:4      | Found an ornate altar of the Wu Jian Council.
  7768 | D:4      | Reached skill level 3 in Fire Magic
  8041 | D:4      | Reached skill level 5 in Spellcasting
  8097 | D:4      | Reached skill level 4 in Fire Magic
  8937 | D:5      | Reached skill level 5 in Fire Magic
  9306 | D:7      | Noticed Joseph
  9322 | D:7      | Killed Joseph
  9323 | D:7      | Reached skill level 6 in Fire Magic
  9323 | D:7      | Reached XP level 9. HP: 37/62 MP: 1/18
  9529 | D:7      | Noticed Menkaure
  9540 | D:7      | Killed Menkaure
 10015 | D:7      | Found a blossoming altar of Fedhas.
 10135 | D:7      | Found a staircase to the Ecumenical Temple.
 10144 | Temple   | Entered the Ecumenical Temple
 10332 | Temple   | Became a worshipper of Vehumet
 10426 | D:7      | Noticed a deep elf pyromancer
 10437 | D:7      | Killed a deep elf pyromancer
 10438 | D:7      | Reached skill level 7 in Fire Magic
 11059 | D:7      | Found a runed translucent door.
 11060 | D:7      | Noticed Crazy Yiuf
 11080 | D:7      | Killed Crazy Yiuf
 11364 | D:8      | Reached skill level 8 in Fire Magic
 12942 | D:9      | Noticed a queen bee
 13000 | D:9      | Reached skill level 9 in Fire Magic
 13036 | D:9      | Noticed a jumping spider
 13037 | D:9      | a jumping spider changed into a dream sheep
 13053 | D:9      | Noticed an eye of devastation
 13053 | D:9      | a dream sheep changed into an eye of devastation
 13054 | D:9      | Noticed a death drake
 13054 | D:9      | an eye of devastation changed into a death drake
 13063 | D:9      | Reached * piety under Vehumet
 13063 | D:9      | Offered knowledge of Magic Dart by Vehumet.
 13116 | D:9      | Noticed a guardian serpent
 13146 | D:9      | Noticed a merfolk
 13148 | D:9      | Noticed a two-headed ogre
 13156 | D:9      | Noticed a swamp dragon
 13160 | D:9      | Killed a two-headed ogre
 13161 | D:9      | Reached XP level 10. HP: 59/69 MP: 13/22
 13215 | D:9      | Noticed a death drake
 13215 | D:9      | a komodo dragon changed into a death drake
 13223 | D:9      | a death drake changed into a floating eye
 13249 | D:9      | Reached skill level 10 in Fire Magic
 13466 | D:9      | Found a transporter.
 13509 | D:9      | Noticed an orc sorcerer
 13510 | D:9      | Noticed an orc high priest
 13617 | D:9      | Noticed a two-headed ogre
 13629 | D:9      | Killed a two-headed ogre
 13659 | D:9      | Reached skill level 11 in Fire Magic
 13821 | D:9      | Found a staircase to the Lair.
 14399 | D:9      | Reached skill level 12 in Fire Magic
 14712 | D:9      | Found a transporter.
 14716 | D:9      | Noticed a deep elf knight
 14809 | D:9      | Noticed a two-headed ogre
 14836 | D:9      | Paralysed by a hornet for 1 turns
 14844 | D:9      | Killed a two-headed ogre
 14845 | D:9      | Reached XP level 11. HP: 40/74 MP: 2/23
 14932 | D:9      | Noticed a two-headed ogre
 14956 | D:9      | Mangled by a two-headed ogre

Illustrated notes

Levels and vault maps discovered:
D:1:      dpeg_arrival_court, layout_basic,
          shapermc_ecumenical_altar_flowoftime, kennysheep_flooded_box,
          hangedman_decor_growths, st_stairs_3, chequers_serial_rivers_micro_a
D:2:      layout_loops_corners
D:3:      layout_rooms
D:4:      minmay_wonky_spiral, layout_basic, nicolae_wu_jian_glorious_leap
D:5:      layout_basic, mainiacjoe_overflow_paths, enter_ossuary_2
D:6:      layout_layer_cave, nicolae_overflow_crystal_walls,
          mainiacjoe_overflow_boulevard, minitemple,
          mainiacjoe_overflow_small_starburst, st_stairs_3, grunt_ministairs_9,
          minivault_5, minmay_misc_feat_iff
D:7:      layout_loops_cross, mainiacjoe_overflow_cross_hatched,
          minmay_temple_entry_poolview, guppyfry_early_elven_hall,
          uniq_crazy_yiuf_cottage, uniq_joseph, uniq_menkaure
D:8:      layout_loops_corners, chequers_serial_rivers_micro_d
D:9:      gammafunk_wand_slinger, layout_loops_corners, minmay_lair_entry_grove,
          corexii_leaking_fountain, minmay_mirror_moons_of_madness
Temple:   minmay_temple_bridge_abc

Skill      XL: |  1  2  3  4  5  6  7  8  9 10 |
---------------+-------------------------------+-----
Air Magic      | 4 5 7 |  7.0
Conjurations   | 2 4 5 |  5.4
Spellcasting   | 4 6 8 |  8.0
Fire Magic     | 2 6 9 12 | 12.9
Dodging        | |  1.7
Stealth        | |  1.7

Action                   |  1- 3 |  4- 6 |  7- 9 | 10-12 || total
-------------------------+-------+-------+-------+-------++-------
Melee: Dagger            |    24 |    42 |     4 |       ||    70
       Tailslap          |     1 |     3 |     7 |       ||    11
       Whip              |       |       |    35 |       ||    35
       Mace              |       |       |    12 |    20 ||    32
 Cast: Shock             |    82 |    98 |   172 |    66 ||   418
       Static Discharge  |       |     4 |     4 |     9 ||    17
       Airstrike         |       |       |    16 |    17 ||    33
       Foxfire           |       |       |    55 |    23 ||    78
 Abil: Breathe Dispellin |       |       |     4 |       ||     4
Evoke: Wand              |       |     6 |    10 |     3 ||    19
  Use: Scroll            |       |    10 |     7 |     1 ||    18
       Potion            |       |     5 |     2 |       ||     7
 Stab: Invisible         |       |     3 |       |       ||     3
Armor: Skin              |    12 |    35 |    59 |    59 ||   165
Dodge: Dodged            |    31 |    38 |    76 |    86 ||   231
